 Dungeon Crawl Stone Soup version 0.29.1-15-g9cfb28693d (webtiles) character file.

Game seed: 5840336709468274994

41810 Eitelfritz the Fencer (level 13, -5/166 HPs)
             Began as a Minotaur Gladiator on Feb 24, 2023.
             Was an Elder of Hepliaklqana.
             Slain by a death yak (11 damage)
             ... on level 2 of the Lair of Beasts.
             The game lasted 01:00:21 (19919 turns).

Eitelfritz the Fencer (Minotaur Gladiator)         Turns: 19919, Time: 01:00:22

Health: -5/166     AC: 16    Str: 21    XL:     13   Next: 82%
Magic:  14/14      EV: 15    Int:  9    God:    Hepliaklqana [****..]
Gold:   365        SH:  0    Dex: 11    Spells: 12/12 levels left

rFire   . . .      SeeInvis +   a - +3 scimitar (flame)
rCold   . . .      Faith    .   (no shield)
rNeg    . . .      Spirit   .   t - +0 troll leather armour
rPois   .          Reflect  .   c - +2 hat
rElec   .          Harm     .   n - +2 cloak
rCorr   .          Rampage  .   i - +0 pair of gloves
Will    +....                   j - +2 pair of boots {Stlth+}
Stlth   ..........              (no amulet)
HPRegen 1.17/turn               w - ring of willpower
MPRegen 0.14/turn               z - ring of see invisible

@: berserking, very quick
A: reduced essence, horns 2, retaliatory headbutt
a: Renounce Religion, Recall Ancestor, Ancestor Identity, Transference, Idealise


You were on level 2 of the Lair of Beasts.
You worshipped Hepliaklqana.
Hepliaklqana was greatly pleased with you.
You visited 4 branches of the dungeon, and saw 18 of its levels.
You also visited: Sewer.

You collected 2190 gold pieces.
You spent 1825 gold pieces at shops.

Inventory:

Hand Weapons
 a - a +3 scimitar of flaming (weapon)
 b - a +0 longbow of freezing
 S - a +0 great sword
 U - a +0 scimitar of holy wrath
Missiles
 d - 8 throwing nets (quivered)
 e - 20 javelins
 k - 15 boomerangs
 l - 15 poisoned darts
 P - 2 atropa-tipped darts
 V - 5 curare-tipped darts
 W - 5 boomerangs of dispersal
Armour
 c - a +2 hat (worn)
 i - a +0 pair of gloves (worn)
 j - a +2 pair of boots of stealth (worn)
 m - a +4 chain mail of cold resistance
 n - a +2 cloak (worn)
 t - a +0 troll leather armour (worn)
 O - a +3 ring mail of fire resistance
Jewellery
 q - a +6 ring of strength
 w - a ring of willpower (left hand)
 y - a ring of flight
 z - a ring of see invisible (right hand)
 Q - an amulet of faith
Wands
 s - a wand of polymorph (21)
 B - a wand of flame (19)
 I - a wand of roots (22)
 M - a wand of charming (24)
Scrolls
 f - 3 scrolls of magic mapping
 p - 3 scrolls of blinking
 r - a scroll of fear
 x - 7 scrolls of teleportation
 F - a scroll of torment
 J - 3 scrolls of butterflies
 N - a scroll of vulnerability
 R - a scroll of identify
 T - 3 scrolls of immolation {unknown}
 Y - a scroll of acquirement {unknown}
 Z - a scroll of enchant weapon
Potions
 g - 3 potions of lignification
 h - 4 potions of attraction
 o - 10 potions of curing
 u - 2 potions of flight
 v - 3 potions of ambrosia
 A - a potion of berserk rage
 C - 2 potions of haste
 D - 4 potions of mutation
 E - 2 potions of brilliance
 G - 4 potions of magic {unknown}
 H - a potion of cancellation {unknown}
 K - 5 potions of might
 L - a potion of invisibility


   Skills:
 + Level 14.3 Fighting
 + Level 15.8 Long Blades
 + Level 8.1 Ranged Weapons
 + Level 2.3 Throwing
 + Level 11.5 Armour
 + Level 10.2 Dodging
 + Level 5.6 Stealth
 + Level 1.5 Unarmed Combat
 * Level 3.7 Invocations


You had 12 spell levels left.
You didn't know any spells.
Your spell library contained the following spells:

 Spells                   Type           Power      Damage    Failure   Level
 Apportation              Tloc           0%         N/A       41%         1
 Call Canine Familiar     Summ           0%         N/A       80%         3
 Portal Projectile        Hex/Tloc       0%         N/A       80%         3
 Leda's Liquefaction      Hex/Erth       0%         N/A       99%         4
 Summon Lightning Spire   Summ/Air       0%         N/A       99%         4
 Alistair's Intoxication  Tmut/Pois      0%         N/A       100%        5
 Storm Form               Tmut/Air       0%         N/A       100%        7
 Maxwell's Capacitive Co  Air            0%         ∞         100%        8
 Chain Lightning          Conj/Air       0%         N/A       100%        9
 Fire Storm               Conj/Fire      0%         5d1       100%        9
 Shatter                  Erth           0%         3d5*      100%        9


Dungeon Overview and Level Annotations

Branches:
Dungeon (13/15)            Temple (1/1) D:4            Lair (2/5) D:11
    Orc (2/2) D:10            Elf (0/3) Orc:2         Sewer (visited)
  Swamp: Lair:2-3    Shoals: Lair:2-3     Snake: Lair:2-3    Spider: Lair:2-3
 Vaults: D:13-14

Altars:
Ashenzari
Cheibriados
Dithmenos
Elyvilon
Fedhas
Gozag
Hepliaklqana
Kikubaaqudgha
Makhleb
Nemelex Xobeh
Okawaru
Qazlal
Ru
Sif Muna
Trog
Uskayaw
Vehumet
Wu Jian
Xom
Yredelemnul
Zin
The Shining One

Shops:
D:6 !   D:10 !   D:13 *   Orc:1 :![   Orc:2 :*[[

Annotations:
D:10 2 transporters


Innate Abilities, Weirdness & Mutations

Your life essence is reduced to manifest your ancestor. (-10% HP)
You have a pair of horns on your head.
You reflexively headbutt those who attack you in melee.


Message History

* * * LOW HITPOINT WARNING * * *
The death yak gores you.
* * * LOW HITPOINT WARNING * * *
A red film seems to cover your vision as you go berserk!
You feel yourself moving faster!
You feel mighty! The wolf bites you.
* * * LOW HITPOINT WARNING * * *
The wolf bites you but does no damage. The death yak barely misses you.
You furiously retaliate!
You headbutt the death yak! The death yak misses you. The death yak gores you.
* * * LOW HITPOINT WARNING * * *
You hit the death yak. You burn the death yak. You headbutt the death yak!!
The death yak is heavily wounded.
The wolf completely misses you.
You slash the death yak! You burn the death yak.
The death yak is severely wounded.
The death yak gores you but does no damage. x2
The death yak completely misses you.
You barely miss the death yak. You headbutt the death yak!
The death yak is severely wounded.
The wolf bites you.
* * * LOW HITPOINT WARNING * * *
You hit the death yak. You burn the death yak.
Your headbutt misses the death yak.
The death yak is almost dead.
The wolf bites you but does no damage. The death yak gores you!
* * * LOW HITPOINT WARNING * * *
The death yak completely misses you. The death yak gores you!
* * * LOW HITPOINT WARNING * * *
You slash the death yak! You burn the death yak.
You kill the death yak!
The wolf stops to sniff the ground.
The wolf barely misses you. You furiously retaliate!
You headbutt the wolf!!
You kill the wolf!
Unknown command.
You hit the death yak. You burn the death yak.
The death yak is moderately wounded.
The death yak gores you!
* * * LOW HITPOINT WARNING * * *
The death yak gores you!
You die...

## .###.# ..#
#.....## ....
.......##
#...####........
#....#.#..$..#.#
#.............##
#P.. #P......P..
.# ##..
#@<........
...#...##YY....P##
P........Y.....##
.....F....../..##
#...Y...........#
#.......?#####..#
....#P.### #.# ...
### ... . ..


You could see 3 death yaks.

Vanquished Creatures
  Gastronok (D:11)
  2 orc warlords (Orc:2)
  Harold (D:10)
  A hydra (D:12)
  3 boulder beetles
  An ogre mage (Orc:1)
  Erica (D:8)
  2 centaur warriors
  9 two-headed ogres
  2 death yaks (Lair:2)
  Urug (D:11)
  An orc knight (Orc:2)
  3 orc sorcerers (Orc:2)
  An elephant (D:11)
  Joseph (D:8)
  Maurice (D:8)
  A rime drake (Lair:1)
  A kobold demonologist (D:12)
  6 trolls
  A troll (shapeshifter) (D:13)
  2 blink frogs (Lair:1)
  3 slime creatures (D:13)
  A shadow (D:9)
  2 wyverns
  10 yaks
  Grum (D:7)
  2 wraiths
  3 basilisks
  3 steam dragons
  4 vampire mosquitoes (D:10)
  An acid dragon (D:9)
  Duvessa (D:5)
  7 water moccasins
  30 orc warriors
  2 sky beasts (D:7)
  3 black bears
  9 centaurs
  5 ogres
  8 wolves
  A phantom (D:7)
  6 bullfrogs
  A necrophage (D:5)
  A gnoll sergeant (D:5)
  4 scorpions
  9 wights
  10 killer bees
  Dowan (D:5)
  3 electric eels (D:10)
  A hexer (D:13)
  3 jellies
  10 orc priests
  6 hounds
  5 gnoll boudas
  18 orc wizards
  4 iguanas
  25 gnolls
  3 river rats (Sewer)
  9 adders
  A shadow imp (D:6)
  A white imp (D:6)
  An ufetubus (D:6)
  3 worms
  4 dart slugs
  49 orcs
  17 ball pythons
  5 bats
  9 endoplasms
  3 giant cockroaches
  6 hobgoblins
  5 jackals
  3 quokkas
  6 frilled lizards
  2 goblins (D:4)
  5 kobolds
  33 rats
410 creatures vanquished.

Vanquished Creatures (collateral kills)
  Rupert (D:12)
  Snorg (D:12)
  4 two-headed ogres
  An ugly thing (D:13)
  A torpor snail (Lair:1)
  An efreet (D:13)
  A troll (D:12)
  A blink frog (Lair:1)
  4 slime creatures (D:13)
  2 yaks (Lair:1)
  A basilisk (D:11)
  3 wargs (Orc:2)
  5 orc warriors
  An ogre (Orc:2)
  2 centaurs
  A bullfrog (Lair:1)
  3 orc wizards
  4 orcs
37 creatures vanquished.

Vanquished Creatures (others)
  8 hexers
  4 ancestors
  An orc wizard (Orc:1)
  A white imp (D:8)
  2 orcs (D:8)
  3 fungi
  12 plants
  4 toadstools (D:1)
35 creatures vanquished.

Grand Total: 482 creatures vanquished

Notes
Turn   | Place    | Note
-------+----------+-------------------------------------------
     0 | D:1      | Eitelfritz the Minotaur Gladiator began the quest for the
                  | Orb.
     0 | D:1      | Reached XP level 1. HP: 18/18 MP: 0/0
   173 | D:1      | Reached XP level 2. HP: 22/25 MP: 1/1
   187 | D:1      | Reached skill level 4 in Long Blades
   596 | D:2      | Reached XP level 3. HP: 30/30 MP: 2/2
   881 | D:2      | Reached XP level 4. HP: 37/37 MP: 3/3
   901 | D:2      | Reached skill level 5 in Long Blades
  1350 | D:3      | Reached skill level 1 in Armour
  1510 | D:3      | Reached XP level 5. HP: 45/45 MP: 4/4
  1736 | D:3      | Found a faded altar of an unknown god.
  2172 | D:4      | Reached skill level 6 in Long Blades
  2219 | D:4      | Found a staircase to the Ecumenical Temple.
  2258 | D:4      | Found a glowing drain.
  2272 | Sewer    | Entered a sewer
  2322 | Sewer    | Reached XP level 6. HP: 50/51 MP: 5/5
  2928 | D:4      | Reached skill level 7 in Long Blades
  2958 | Temple   | Entered the Ecumenical Temple
  3214 | D:4      | Reached skill level 1 in Ranged Weapons
  3214 | D:4      | Reached XP level 7. HP: 49/58 MP: 6/6
  4035 | D:5      | Entered Level 5 of the Dungeon
  5087 | D:5      | Reached skill level 5 in Dodging
  5412 | D:5      | Reached skill level 5 in Armour
  5430 | D:5      | Reached XP level 8. HP: 34/67 MP: 7/7
  5432 | D:5      | Reached skill level 8 in Long Blades
  5722 | D:5      | Noticed Dowan
  5723 | D:5      | Noticed Duvessa
  5742 | D:5      | Killed Dowan
  5743 | D:5      | Reached skill level 5 in Fighting
  5750 | D:5      | Killed Duvessa
  6628 | D:6      | Reached skill level 9 in Long Blades
  7011 | D:6      | Reached XP level 9. HP: 44/75 MP: 8/8
  7324 | D:6      | Found Itenody's Distillery.
  7335 | D:6      | Bought 2 potions of might for 104 gold pieces
  7335 | D:6      | Bought a potion of heal wounds for 65 gold pieces
  7335 | D:6      | Bought a potion of invisibility for 104 gold pieces
  7335 | D:6      | Bought a potion of heal wounds for 65 gold pieces
  7335 | D:6      | Bought a potion of degeneration for 13 gold pieces
  7911 | D:7      | Reached skill level 10 in Long Blades
  8432 | D:8      | Noticed Grum
  8466 | D:7      | Killed Grum
  8631 | D:8      | Noticed Maurice
  8857 | D:8      | Killed Maurice
  8871 | D:8      | Reached skill level 1 in Stealth
  9225 | D:8      | Reached XP level 10. HP: 56/86 MP: 9/9
  9376 | D:8      | Noticed Joseph
  9667 | D:8      | Killed Joseph
  9875 | D:8      | Noticed Erica
  9885 | D:8      | Killed Erica
  9886 | D:8      | Reached skill level 11 in Long Blades
 10442 | D:8      | Reached skill level 10 in Armour
 11318 | D:9      | Identified the +1 plate armour of Kikubaaqudgha's Fury
                  | {rCorr Stlth+}
 11354 | D:9      | Found a hazy altar of Hepliaklqana.
 11363 | D:9      | Became a worshipper of Hepliaklqana the Forgotten
 11551 | D:9      | Noticed a two-headed ogre
 11562 | D:9      | Killed a two-headed ogre
 11951 | D:10     | Entered Level 10 of the Dungeon
 11982 | D:10     | Noticed Harold
 12110 | D:10     | Killed Harold
 12111 | D:10     | Reached skill level 12 in Long Blades
 12111 | D:10     | Reached skill level 5 in Ranged Weapons
 12230 | D:10     | Reached skill level 1 in Unarmed Combat
 12231 | D:10     | Reached XP level 11. HP: 23/97 MP: 10/10
 12580 | D:10     | Found a transporter.
 12581 | D:10     | Noticed an ogre mage
 12583 | D:10     | Noticed a harpy
 12638 | D:10     | Noticed a two-headed ogre
 12756 | D:9      | Killed a two-headed ogre
 13304 | D:10     | Found a broken altar of Ashenzari.
 13370 | D:10     | You fall into a shaft and drop 2 floors!
 13392 | D:12     | Reached * piety under Hepliaklqana
 13491 | D:11     | Noticed Urug
 13503 | D:11     | Killed Urug
 13683 | D:11     | Noticed a boulder beetle
 13693 | D:11     | Noticed a boulder beetle
 13732 | D:10     | Found a staircase to the Orcish Mines.
 13748 | D:10     | Found a transporter.
 14191 | D:10     | Found a snail-covered altar of Cheibriados.
 14192 | D:10     | Found an ancient bone altar of Kikubaaqudgha.
 14295 | D:10     | Noticed a ghost moth
 14369 | D:10     | Noticed a green draconian
 14607 | D:10     | Found Giroura's Distillery.
 14663 | D:11     | Found a staircase to the Lair.
 14672 | D:11     | Reached skill level 10 in Fighting
 14678 | D:11     | Reached skill level 13 in Long Blades
 14700 | D:11     | Identified the +2 robe of the Lachrymose God {Will++}
 14712 | D:11     | Noticed a two-headed ogre
 14744 | D:11     | Killed a two-headed ogre
 14893 | D:11     | Noticed Gastronok
 14915 | D:11     | Killed Gastronok
 14983 | D:11     | Killed a boulder beetle
 15020 | D:11     | Killed a boulder beetle
 15279 | D:11     | Noticed a two-headed ogre
 15286 | D:11     | Killed a two-headed ogre
 15349 | D:11     | Reached XP level 12. HP: 97/97 MP: 11/11
 15368 | D:11     | Reached ** piety under Hepliaklqana
 15369 | D:11     | Remembered your ancestor Beorhtric as a hexer
 15539 | D:12     | Noticed Rupert
 15540 | D:12     | Found a hide-covered altar of Uskayaw.
 15555 | D:12     | Killed Rupert
 15695 | D:12     | Noticed Snorg
 15706 | D:12     | Killed Snorg
 15739 | D:12     | Noticed a two-headed ogre
 15747 | D:12     | Killed a two-headed ogre
 15814 | D:12     | Noticed a five-headed hydra
 15821 | D:12     | Killed a two-headed hydra
 15822 | D:12     | Reached skill level 14 in Long Blades
 15987 | D:13     | Noticed a boulder beetle
 16006 | D:13     | Killed a boulder beetle
 16084 | D:13     | Found Boheso's Bounteous Boutique.
 16149 | D:13     | Bought a potion of berserk rage for 60 gold pieces
 16149 | D:13     | Bought a scroll of brand weapon for 114 gold pieces
 16402 | D:13     | Reached *** piety under Hepliaklqana
 16509 | D:13     | Noticed a two-headed ogre
 16518 | D:13     | Killed a two-headed ogre
 16642 | Orc:1    | Entered Level 1 of the Orcish Mines
 16642 | Orc:1    | Found Soummehu's Distillery.
 16759 | Orc:1    | Bought a potion of curing for 36 gold pieces
 16759 | Orc:1    | Bought a potion of heal wounds for 60 gold pieces
 16759 | Orc:1    | Bought a potion of curing for 36 gold pieces
 16759 | Orc:1    | Bought a potion of curing for 36 gold pieces
 16759 | Orc:1    | Bought a potion of heal wounds for 60 gold pieces
 16887 | Orc:1    | Found Secwot's Book Shoppe.
 16894 | Orc:1    | Found Osor's Antique Armour Emporium.
 16909 | Orc:1    | Noticed a two-headed ogre
 16910 | Orc:1    | Noticed a two-headed ogre
 16911 | Orc:1    | Noticed a two-headed ogre
 16911 | Orc:1    | Noticed an ogre mage
 16912 | Orc:1    | Noticed a two-headed ogre
 16912 | Orc:1    | Noticed a two-headed ogre
 16914 | Orc:1    | Noticed a two-headed ogre
 16922 | Orc:1    | Noticed a two-headed ogre
 16925 | Orc:1    | Killed a two-headed ogre
 16934 | Orc:1    | Killed a two-headed ogre
 16935 | Orc:1    | Killed a two-headed ogre
 16936 | Orc:1    | Killed a two-headed ogre
 16937 | Orc:1    | Reached skill level 15 in Long Blades
 16940 | Orc:1    | Killed a two-headed ogre
 16950 | Orc:1    | Killed a two-headed ogre
 16951 | Orc:1    | Reached XP level 13. HP: 45/109 MP: 12/12
 17236 | Orc:2    | Entered Level 2 of the Orcish Mines
 17297 | Orc:2    | Found a staircase to the Elven Halls.
 17467 | Orc:1    | Noticed an orc warlord
 17478 | Orc:2    | Killed an orc warlord
 17788 | Orc:2    | Noticed an orc warlord
 17804 | Orc:2    | Killed an orc warlord
 17805 | Orc:2    | Reached skill level 5 in Stealth
 17827 | Orc:2    | Reached skill level 10 in Dodging
 18123 | Orc:2    | Reached **** piety under Hepliaklqana
 18221 | Orc:1    | Bought a runed chain mail for 240 gold pieces
 18221 | Orc:1    | Bought a glowing plate armour for 832 gold pieces
 18515 | Orc:2    | Reached skill level 1 in Invocations
 18865 | Orc:2    | Found Pegecho's Assorted Antiques.
 18865 | Orc:2    | Found Etzyufilue's Antique Armour Emporium.
 18867 | Orc:2    | Found Juufeech's Antique Armour Shoppe.
 18869 | Orc:2    | Found Koiroy's Book Shop.
 18995 | D:10     | Noticed a shadow dragon
 19333 | Lair:1   | Entered Level 1 of the Lair of Beasts
 19547 | Lair:1   | Found a stormy altar of Qazlal.
 19919 | Lair:2   | HP: 6/166 [death yak (10)]
 19919 | Lair:2   | Slain by a death yak

Illustrated notes

Levels and vault maps discovered:
D:1:      dpeg_arrival_arbitrary_b, layout_rooms, minmay_gold_behind_fungi
D:2:      layout_rooms
D:3:      layout_basic, hellmonk_ecumenical_altar_slurped_away,
          dk_noncrumbling_4
D:4:      layout_loops_cross, temple_fountains, portal_sewer_entry_d,
          kennysheep_orc_chapel
D:5:      layout_cave_pools, nicolae_grassy_gnolls, uniq_duvessa
D:6:      layout_rooms, serial_shops, nicolae_shop_hallway_plus,
          serial_bayou_pond_d
D:7:      layout_loops_ring, item_on_display_a
D:8:      layout_layer_cave, uniq_erica, uniq_grum, uniq_joseph, uniq_maurice
D:9:      layout_irregular_city, mainiacjoe_overflow_tiny_flanked,
          hangedman_decor_push, item_on_display_b
D:10:     layout_grid_maze, gammafunk_temple_overflow_arena,
          nicolae_overflow_squiral, david_orc_2, serial_shops, shop_statue,
          uniq_harold
D:11:     layout_gridville, david_lair_generic, evilmike_minifort, uniq_urug,
          uniq_gastronok
D:12:     layout_cave_pools, nicolae_uskayaw_dance_hall, uniq_rupert, uniq_snorg
D:13:     layout_roguey, drop_trap, nicolae_alphabet_shops
Temple:   dpeg_three_leaves_temple
Lair:1:   layout_concentric_octagons, basic_altar
Lair:2:   beast_lair_carwin_large_2, layout_loops_ring, enter_volcano_4
Orc:1:    layout_caves, basic_altar, serial_shops, nicolae_shop_stone, shop,
          nicolae_diamond_shop
Orc:2:    st_orc_rangers, layout_diamond_mine, basic_altar,
          nicolae_orc_tapped_out

Skill      XL: |  1  2  3  4  5  6  7  8  9 10 11 12 13 |
---------------+----------------------------------------+-----
Long Blades    | 4 5 6 7 9 10 12 13 15 | 15.8
Dodging        | 4 5 6 8 9 10 | 10.2
Fighting       | 3 4 6 7 9 10 13 14 | 14.3
Armour         | 1 2 3 5 6 9 10 11 | 11.5
Ranged Weapons | 1 2 3 4 5 6 7 8 |  8.1
Stealth        | 1 2 3 4 5 |  5.6
Unarmed Combat | 1 |  1.5
Invocations    | 3 |  3.7
Throwing       | |  2.3

Action                   |  1- 3 |  4- 6 |  7- 9 | 10-12 | 13-15 || total
-------------------------+-------+-------+-------+-------+-------++-------
Melee: Long sword        |    52 |   183 |   347 |    42 |       ||   624
       Headbutt          |     8 |    31 |    66 |   134 |    61 ||   300
       Punch             |       |       |     4 |     9 |     7 ||    20
       Scimitar          |       |       |       |   445 |   271 ||   716
       Unarmed           |       |       |       |    15 |       ||    15
 Fire: Longbow           |       |    10 |    30 |    16 |    53 ||   109
Throw: Dart              |       |       |     1 |     2 |       ||     3
Invok: Ancestor Life: He |       |       |       |     1 |       ||     1
  Use: Scroll            |       |    11 |    10 |     7 |     1 ||    29
       Potion            |       |       |     5 |    11 |     4 ||    20
 Stab: Invisible         |       |       |     1 |       |       ||     1
       Distracted        |       |       |       |     5 |     2 ||     7
       Sleeping          |       |       |       |     1 |     4 ||     5
       Confused          |       |       |       |     3 |     9 ||    12
Armor: Leather armour    |    25 |    13 |       |       |       ||    38
       Chain mail        |       |   108 |   250 |    15 |       ||   373
       Ring mail         |       |       |       |    88 |       ||    88
       Skin              |       |       |       |     1 |       ||     1
       Troll leather arm |       |       |       |    76 |    96 ||   172
Dodge: Dodged            |    60 |   154 |   189 |   344 |   269 ||  1016
